TOP OF THE 1ST |
St. Louis Browns batting - Pitching for Madison Bombers : RHP Roberto Reyes
|
Pitching: RHP Roberto Reyes
|
|
Batting: LHB Joe Sanders
|
0-0: Foul Ball, location: 2F 0-1: Ball 1-1: Foul Ball, location: 2F 1-2: Ball 2-2: Ball 3-2: Foul Ball, location: 2F 3-2: Foul Ball, location: 2F 3-2: Foul Ball, location: 2F 3-2: Foul Ball, location: 2F 3-2: Hit by Pitch
|
Batting: LHB Héctor Núñez
|
0-0: Called Strike 0-1: Ball 1-1: Foul Ball, location: 2F 1-2: Ball 2-2: SINGLE (Groundball, 6MD) Joe Sanders to second
|
Batting: RHB Marc Ploughman
|
0-0: Ball 1-0: Swinging Strike 1-1: Foul Ball, location: 2F 1-2: Strikes out swinging
|
Batting: LHB Mario García
|
0-0: Ball 1-0: SINGLE (Groundball, 6M) Joe Sanders to third Héctor Núñez to second Runner from 3rd tries for Home, throw and OUT! Héctor Núñez to third Mario García to second
|
Batting: RHB Mario Rosales
|
0-0: Called Strike 0-1: Foul Ball, location: 2F 0-2: Ball 1-2: Strikes out looking
|
Top of the 1st over - 0 run(s), 2 hit(s), 0 error(s), 2 left on base; St. Louis 0 - Madison 0 |
BOTTOM OF THE 1ST |
Madison Bombers batting - Pitching for St. Louis Browns : LHP Bernardo Miranda
|
Pitching: LHP Bernardo Miranda
|
|
Batting: LHB Keith Tillman
|
0-0: Ball 1-0: Foul Ball, location: 2F 1-1: SINGLE (Groundball, 23) (infield hit)
|
Batting: RHB Sergio Márquez
|
0-0: Called Strike 0-1: Called Strike 0-2: Ball 1-2: SINGLE (Groundball, 5L) Keith Tillman to second
|
Batting: LHB Seung-chun Mun
|
0-0: Swinging Strike 0-1: Foul Ball, location: 2F 0-2: Ball 1-2: Ball 2-2: Strikes out looking
|
Batting: LHB Sixto Cantú
|
0-0: Ball 1-0: Foul Ball, location: 2F 1-1: Swinging Strike 1-2: Strikes out swinging
|
Batting: SHB Michael McDonald
|
0-0: Ball 1-0: Ball 2-0: Ground out U3 (Groundball, 3)
|
Bottom of the 1st over - 0 run(s), 2 hit(s), 0 error(s), 2 left on base; St. Louis 0 - Madison 0 |
TOP OF THE 2ND |
St. Louis Browns batting - Pitching for Madison Bombers : RHP Roberto Reyes
|
Batting: LHB Clinton Clark
|
0-0: Ball 1-0: Called Strike 1-1: Foul Ball, location: 2F 1-2: Foul Ball, location: 2F 1-2: Ball 2-2: Ball 3-2: Base on Balls
|
Batting: LHB Jorge Torres
|
0-0: Ball 1-0: Foul Ball, location: 2F 1-1: SINGLE (Groundball, 34) Clinton Clark to second Runner from 2nd tries for 3rd, SAFE, no throw or cutoff
|
Batting: LHB Víctor Hernández
|
0-0: Called Strike 0-1: Foul Ball, location: 2F 0-2: Ball 1-2: Strikes out looking
|
Batting: RHB Will Brown
|
0-0: Ball 1-0: Grounds into double play, 6-4-3 (Groundball, 56)
|
Top of the 2nd over - 0 run(s), 1 hit(s), 0 error(s), 1 left on base; St. Louis 0 - Madison 0 |
BOTTOM OF THE 2ND |
Madison Bombers batting - Pitching for St. Louis Browns : LHP Bernardo Miranda
|
Batting: LHB José Santos
|
0-0: Ball 1-0: Ball 2-0: Called Strike 2-1: Ground out 4-3 (Groundball, 34)
|
Batting: SHB Derek Roach
|
0-0: Called Strike 0-1: Called Strike 0-2: Ball 1-2: Foul Ball, location: 2F 1-2: Ball 2-2: Ground out 6-3 (Groundball, 6)
|
Batting: LHB Robin Hill
|
0-0: Foul Ball, location: 2F 0-1: Ball 1-1: Fly out, F7 (Flyball, 7LM)
|
Bottom of the 2nd over - 0 run(s), 0 hit(s), 0 error(s), 0 left on base; St. Louis 0 - Madison 0 |
TOP OF THE 3RD |
St. Louis Browns batting - Pitching for Madison Bombers : RHP Roberto Reyes
|
Batting: LHB Joe Sanders
|
0-0: Called Strike 0-1: Ball 1-1: Foul Ball, location: 2F 1-2: SINGLE (Flyball, 8RS)
|
Batting: LHB Héctor Núñez
|
0-0: Ball 1-0: Ground out 5-3 (Groundball, 56S) Joe Sanders to second
|
Batting: RHB Marc Ploughman
|
0-0: Called Strike 0-1: Called Strike 0-2: Ball 1-2: Ball 2-2: Strikes out looking
|
Batting: LHB Mario García
|
0-0: Foul Ball, location: 2F 0-1: Ball 1-1: Foul Ball, location: 2F 1-2: Foul Ball, location: 2F 1-2: Ball 2-2: Ball 3-2: Strikes out swinging
|
Top of the 3rd over - 0 run(s), 1 hit(s), 0 error(s), 1 left on base; St. Louis 0 - Madison 0 |
BOTTOM OF THE 3RD |
Madison Bombers batting - Pitching for St. Louis Browns : LHP Bernardo Miranda
|
Batting: RHB Quinton Martínez
|
0-0: Ball 1-0: Ball 2-0: Called Strike 2-1: Fly out, F4 (Popup, 4)
|
Batting: LHB Keith Tillman
|
0-0: Ball 1-0: Fly out, F4 (Line Drive, 4M)
|
Batting: RHB Sergio Márquez
|
0-0: Called Strike 0-1: Ball 1-1: Ball 2-1: Ground out 6-3 (Groundball, 6M)
|
Bottom of the 3rd over - 0 run(s), 0 hit(s), 0 error(s), 0 left on base; St. Louis 0 - Madison 0 |
TOP OF THE 4TH |
St. Louis Browns batting - Pitching for Madison Bombers : RHP Roberto Reyes
|
Batting: RHB Mario Rosales
|
0-0: Ground out 5-3 (Groundball, 5)
|
Batting: LHB Clinton Clark
|
0-0: Foul Ball, location: 2F 0-1: Foul Ball, location: 2F 0-2: Foul Ball, location: 2F 0-2: Ball 1-2: Ball 2-2: Ground out 4-3 (Groundball, 4)
|
Batting: LHB Jorge Torres
|
0-0: Ball 1-0: Foul Ball, location: 2F 1-1: Fly out, F7 (Line Drive, 7M)
|
Top of the 4th over - 0 run(s), 0 hit(s), 0 error(s), 0 left on base; St. Louis 0 - Madison 0 |
BOTTOM OF THE 4TH |
Madison Bombers batting - Pitching for St. Louis Browns : LHP Bernardo Miranda
|
Batting: LHB Seung-chun Mun
|
0-0: SINGLE (Line Drive, 8RS)
|
Batting: LHB Sixto Cantú
|
0-0: Called Strike 0-1: Foul Ball, location: 2F 0-2: Ball 1-2: Foul Ball, location: 2F 1-2: Grounds into double play, 6-4-3 (Groundball, 6M)
|
Batting: SHB Michael McDonald
|
0-0: Ball 1-0: Foul Ball, location: 2F 1-1: Ball 2-1: Swinging Strike 2-2: Ground out 6-3 (Groundball, 6)
|
Bottom of the 4th over - 0 run(s), 1 hit(s), 0 error(s), 0 left on base; St. Louis 0 - Madison 0 |
TOP OF THE 5TH |
St. Louis Browns batting - Pitching for Madison Bombers : RHP Roberto Reyes
|
Pitching: RHP Jonas Malaret
|
|
Batting: LHB Víctor Hernández
|
0-0: Ball 1-0: Swinging Strike 1-1: Ball 2-1: Foul Ball, location: 2F 2-2: Ball 3-2: Base on Balls
|
Batting: RHB Will Brown
|
0-0: Ball 1-0: Grounds into double play, 6-4-3 (Groundball, 56)
|
Batting: LHB Joe Sanders
|
0-0: Ball 1-0: Ball 2-0: Called Strike 2-1: Fly out, F7 (Flyball, 7M)
|
Top of the 5th over - 0 run(s), 0 hit(s), 0 error(s), 0 left on base; St. Louis 0 - Madison 0 |
BOTTOM OF THE 5TH |
Madison Bombers batting - Pitching for St. Louis Browns : LHP Bernardo Miranda
|
Pitching: RHP Enrique Gómez
|
|
Batting: LHB José Santos
|
0-0: Called Strike 0-1: Foul Ball, location: 2F 0-2: Ground out U3 (Groundball, 3L)
|
Batting: SHB Derek Roach
|
0-0: Fly out, F7 (Flyball, 78D)
|
Batting: LHB Robin Hill
|
0-0: Ball 1-0: Ball 2-0: Called Strike 2-1: Swinging Strike 2-2: Ball 3-2: Base on Balls
|
Batting: RHB Quinton Martínez
|
0-0: Called Strike 0-1: Ball Robin Hill is caught stealing 2nd base
|
Bottom of the 5th over - 0 run(s), 0 hit(s), 0 error(s), 0 left on base; St. Louis 0 - Madison 0 |
TOP OF THE 6TH |
St. Louis Browns batting - Pitching for Madison Bombers : RHP Jonas Malaret
|
Batting: LHB Héctor Núñez
|
0-0: Ball 1-0: Called Strike 1-1: Foul Ball, location: 2F 1-2: Foul Ball, location: 2F 1-2: Fly out, F5 (Popup, 13S)
|
Batting: RHB Marc Ploughman
|
0-0: Ball 1-0: Ball 2-0: Called Strike 2-1: Foul Ball, location: 2F 2-2: Ground out 6-3 (Groundball, 56)
|
Batting: LHB Mario García
|
0-0: Ball 1-0: Ball 2-0: Called Strike 2-1: Foul Ball, location: 2F 2-2: Fly out, F8 (Flyball, 8LXD)
|
Top of the 6th over - 0 run(s), 0 hit(s), 0 error(s), 0 left on base; St. Louis 0 - Madison 0 |
BOTTOM OF THE 6TH |
Madison Bombers batting - Pitching for St. Louis Browns : RHP Enrique Gómez
|
Batting: RHB Quinton Martínez
|
0-0: Ball 1-0: Called Strike 1-1: Ball 2-1: Swinging Strike 2-2: Foul Ball, location: 2F 2-2: Strikes out swinging
|
Pitching: LHP Carlos Berru
|
|
Batting: LHB Keith Tillman
|
0-0: Ball 1-0: Ball 2-0: Ball 3-0: Foul Ball, location: 2F 3-1: Foul Ball, location: 2F 3-2: Foul Ball, location: 2F 3-2: Foul Ball, location: 2F 3-2: Strikes out swinging
|
Batting: RHB Sergio Márquez
|
0-0: Fly out, F3 (Popup, 3SF)
|
Bottom of the 6th over - 0 run(s), 0 hit(s), 0 error(s), 0 left on base; St. Louis 0 - Madison 0 |
TOP OF THE 7TH |
St. Louis Browns batting - Pitching for Madison Bombers : RHP Jonas Malaret
|
Pitching: RHP Manny Canseco
|
|
Batting: RHB Mario Rosales
|
0-0: Foul Ball, location: 2F 0-1: Ball 1-1: Ball 2-1: SOLO HOME RUN (Flyball, 7D), Distance : 381 ft
|
Pitching: LHP José García
|
|
Batting: LHB Clinton Clark
|
0-0: Ball 1-0: Called Strike 1-1: SINGLE (Line Drive, 6M)
|
Batting: LHB Jorge Torres
|
0-0: Ball 1-0: Ball 2-0: Bunted foul 2-1: Sac Bunt - play at first, batter OUT! 6-4 Clinton Clark to second
|
Pitching: RHP Gerald Duncan
|
|
Batting: LHB Víctor Hernández
|
0-0: Called Strike 0-1: Ball 1-1: Fly out, F8 (Flyball, 8LD) Runner from 2nd tags up, SAFE at 3rd with throw
|
Batting: RHB Will Brown
|
0-0: Swinging Strike 0-1: Swinging Strike 0-2: Ball 1-2: Ball 2-2: Strikes out looking
|
Top of the 7th over - 1 run(s), 2 hit(s), 0 error(s), 1 left on base; St. Louis 1 - Madison 0 |
BOTTOM OF THE 7TH |
Madison Bombers batting - Pitching for St. Louis Browns : LHP Carlos Berru
|
Batting: LHB Seung-chun Mun
|
0-0: Ball 1-0: Ball 2-0: Ball 3-0: Called Strike 3-1: Called Strike 3-2: Foul Ball, location: 2F 3-2: Foul Ball, location: 2F 3-2: Foul Ball, location: 2F 3-2: Foul Ball, location: 2F 3-2: Strikes out looking
|
Batting: LHB Sixto Cantú
|
0-0: Ball 1-0: Ball 2-0: SOLO HOME RUN (Flyball, 9D), Distance : 376 ft
|
Batting: SHB Michael McDonald
|
0-0: Called Strike 0-1: Swinging Strike 0-2: Strikes out swinging
|
Pinch Hitting: RHB Edward Franks
|
0-0: Called Strike 0-1: Foul Ball, location: 2F 0-2: Ball 1-2: Ball 2-2: Ball 3-2: Base on Balls
|
Batting: SHB Derek Roach
|
0-0: Swinging Strike 0-1: Swinging Strike 0-2: Ball 1-2: Strikes out swinging
|
Bottom of the 7th over - 1 run(s), 1 hit(s), 0 error(s), 1 left on base; St. Louis 1 - Madison 1 |
TOP OF THE 8TH |
St. Louis Browns batting - Pitching for Madison Bombers : RHP Gerald Duncan
|
Now in RF: John Latham
|
|
Batting: LHB Joe Sanders
|
0-0: Ball 1-0: Ball 2-0: Ball 3-0: Base on Balls
|
Pinch Hitting: RHB Arturo Rodríguez
|
0-0: Bunted foul 0-1: Bunted foul 0-2: Fly out, F9 (Flyball, 89D)
|
Pinch Hitting: RHB R.J. Parker
|
0-0: Called Strike 0-1: Called Strike 0-2: Grounds into double play, 4-6-3 (Groundball, 4)
|
Top of the 8th over - 0 run(s), 0 hit(s), 0 error(s), 0 left on base; St. Louis 1 - Madison 1 |
BOTTOM OF THE 8TH |
Madison Bombers batting - Pitching for St. Louis Browns : LHP Carlos Berru
|
Now at 3B: Yoshinori Sasaki
|
|
Now in RF: Arturo Rodríguez
|
|
Pinch Hitting: RHB Vicente Aguirre
|
0-0: Called Strike 0-1: Ball 1-1: Ball 2-1: Called Strike 2-2: Fly out, F8 (Flyball, 8RD)
|
Pitching: RHP John Allan
|
|
Pinch Hitting: LHB Avery Hopkins
|
0-0: Called Strike 0-1: Foul Ball, location: 2F 0-2: Ball 1-2: Ball 2-2: Strikes out swinging
|
Pitching: LHP Keith Hill
|
|
Pinch Hitting: RHB Pablo Gonzáles
|
0-0: Called Strike 0-1: Called Strike 0-2: Strikes out swinging
|
Bottom of the 8th over - 0 run(s), 0 hit(s), 0 error(s), 0 left on base; St. Louis 1 - Madison 1 |
TOP OF THE 9TH |
St. Louis Browns batting - Pitching for Madison Bombers : RHP Gerald Duncan
|
Pitching: LHP Dave Carbone
|
|
Now at 2B: Bailey Ramsey
|
|
Now at 3B: Miguel Hernández
|
|
Now in CF: Avery Hopkins
|
|
Pinch Hitting: RHB Tadakuni Sugiyama
|
0-0: Called Strike 0-1: Foul Ball, location: 2F 0-2: Foul Ball, location: 2F 0-2: Foul Ball, location: 2F 0-2: Ball 1-2: Foul Ball, location: 2F 1-2: Ball 2-2: Reached on error, E5 (Groundball, 5S)
|
Pinch Hitting: RHB Barney Lawson
|
0-0: Ball 1-0: Ball 2-0: Ground out U3 (Groundball, 3S) Tadakuni Sugiyama to third
|
Batting: RHB Don Simpson
|
0-0: Ball 1-0: Called Strike 1-1: Called Strike 1-2: SINGLE (Groundball, 4MD) Tadakuni Sugiyama scores
|
Pinch Hitting: RHB Juan Brito
|
0-0: Ball 1-0: Ball 2-0: Called Strike 2-1: Swinging Strike 2-2: SINGLE (Flyball, 9LS) Don Simpson to second Runner from 2nd tries for 3rd, SAFE, no throw or cutoff
|
Pinch Hitting: RHB Luis Martínez
|
0-0: Ball 1-0: SINGLE (Line Drive, 8LS) Don Simpson scores Juan Brito to second
|
Pinch Hitting: RHB António Venecia
|
0-0: Ball 1-0: Foul Ball, location: 2F 1-1: Grounds into double play, 6-4-3 (Groundball, 6M)
|
Top of the 9th over - 2 run(s), 3 hit(s), 1 error(s), 1 left on base; St. Louis 3 - Madison 1 |
BOTTOM OF THE 9TH |
Madison Bombers batting - Pitching for St. Louis Browns : LHP Keith Hill
|
Pitching: LHP Brent Miller
|
|
Now at C: António Venecia
|
|
Now at 2B: Barney Lawson
|
|
Now at SS: Luis Martínez
|
|
Now in CF: Diego Torres
|
|
Now in RF: Juan Brito
|
|
Batting: RHB Sergio Márquez
|
0-0: Ball 1-0: Ball 2-0: DOUBLE (Line Drive, 89D)
|
Pinch Hitting: RHB Spencer Johnston
|
0-0: Foul Ball, location: 2F 0-1: Ball 1-1: Reached on error, E1 (Groundball, 15S) Sergio Márquez to third
|
Pinch Hitting: RHB Ronald McLaughlin
|
0-0: Ball 1-0: Called Strike 1-1: SINGLE (Line Drive, 6D) Sergio Márquez scores Spencer Johnston to second
|
Batting: LHB Mike Freake
|
0-0: Ball 1-0: Foul Ball, location: 2F 1-1: Swinging Strike 1-2: Ball 2-2: Strikes out swinging
|
Batting: LHB John Latham
|
0-0: Called Strike 0-1: Ball 1-1: Foul Ball, location: 2F 1-2: Strikes out swinging
|
Batting: SHB Derek Roach
|
0-0: Ball 1-0: Fly out, F9 (Flyball, 9M)
|
Bottom of the 9th over - 1 run(s), 2 hit(s), 1 error(s), 2 left on base; St. Louis 3 - Madison 2 |
|